 Dungeon Crawl Stone Soup version 0.30.0-19-gbf45117a57 (webtiles) character file.

Game seed: 5254829338074868126

690 qw the Chopper (level 7, -3/44 HPs)
             Began as a Gargoyle Fighter on May 23, 2023.
             Slain by an orc warrior
             ... wielding a +0 scimitar
              (7 damage)
             ... on level 4 of the Dungeon.
             The game lasted 00:01:31 (2676 turns).

qw the Chopper (Gargoyle Fighter)                   Turns: 2676, Time: 00:01:32

Health: -3/44      AC: 17    Str: 20    XL:     7   Next: 63%
Magic:  7/7        EV:  8    Int:  8    God:
Gold:   297        SH:  4    Dex:  9    Spells: 6/6 levels left

rFire   . . .        Y - +0 war axe
rCold   . . .        c - +0 buckler
rNeg    + . .        l - +0 chain mail
rPois   inf          e - +0 helmet
rElec   +            (no cloak)
rCorr   .            (no gloves)
SInv    .            (no boots)
Will    +....        (no amulet) Stlth
                     (no ring)
HPRegen 0.27/turn    (no ring)
MPRegen 0.10/turn

%: no passive effects
@: no status effects
A: sickness immunity, AC +4, negative energy resistance 1, electricity
resistance, torment resistance 1, petrification resistance, iridescent scales 1,
strong-willed 1, weak 1
a: no special abilities


You were on level 4 of the Dungeon.
You visited 1 branch of the dungeon, and saw 4 of its levels.

You collected 297 gold pieces.


Innate Abilities, Weirdness & Mutations

You are immune to sickness and miasma.
Your stone body is resilient. (AC +4)
You are immune to poison.
You resist negative energy. (rN+)
You are resistant to electric shocks. (rElec)
You are resistant to unholy torment.
You are immune to petrification.
You are partially covered in iridescent scales. (AC +2)
You are strong-willed. (Will+)
You are weak. (Str -2)


   Skills:
 - Level 5.2 Fighting
 + Level 6.2 Axes
 - Level 3.2 Armour
 - Level 2.1 Dodging
 - Level 3.2 Shields


You had 6 spell levels left.
You didn't know any spells.
Your spell library was empty.

Inventory:

Hand Weapons
 b - a +0 flail
 Y - a +0 war axe (weapon)
Missiles
 h - a boomerang (quivered)
Armour
 c - a +0 buckler (worn)
 e - a +0 helmet (worn)
 k - a +2 ring mail of cold resistance
 l - a +0 chain mail (worn)
Scrolls
 a - a scroll of identify
 m - a scroll of teleportation {unknown}
 o - a scroll of summoning {unknown}
Potions
 d - a potion of might
 f - 2 potions of curing
 g - a potion of brilliance {unknown}
 i - a potion of mutation
 j - a potion of heal wounds {unknown}
 n - a potion of haste {unknown}

Dungeon Overview and Level Annotations

Branches:
Dungeon (4/15)
 Temple: D:4-7

Altars:
Qazlal

Shops:
D:1 =


Message History

You hit the yak.
The yak is severely wounded.
The yak closely misses you. The yak gores you but does no damage.
You slash the yak!
The yak is almost dead.
The yak gores you but does no damage.
You hit the yak.
The yak is almost dead.
You hit the orc warrior but do no damage.
The orc warrior hits you but does no damage.
The yak gores you but does no damage.
You hit the yak.
The yak is almost dead.
You closely miss the orc warrior. You block the orc warrior's attack.
The yak gores you but does no damage.
You hit the yak.
You kill the yak!
You hit the orc warrior but do no damage.
You block the orc warrior's attack.
An adder comes into view.
Your Dodging skill gained 2 levels and is now at level 2!
You closely miss the orc warrior.
The adder hisses angrily.
The orc warrior hits you with a +0 scimitar!
The orc warrior barely misses you.
You hit the orc warrior.
The orc warrior is lightly wounded.
The orc warrior hits you with a +0 scimitar.
You closely miss the orc warrior.
The orc warrior is lightly wounded.
The orc warrior hits you but does no damage.
You slash the orc warrior!
The orc warrior is heavily wounded.
The orc warrior hits you with a +0 scimitar.
You barely miss the orc warrior.
The orc warrior is heavily wounded.
You hit the adder but do no damage. The adder bites you but does no damage.
The orc warrior hits you with a +0 scimitar!
You die...

.........)............#
..#..........#%......##
..#.(.........).......#
...#..#####...........###
....%..##...#...........##
.....#....###............#
...............%..........
...#####..#...............
..## #.#####..@.........
#.#####..# ###oS(.......
#......... ##.....$...
##........ ##.......#
#........ .........
#........ ..........
#........ ...........
#........ O##.........
#........ .w :#o.......


You could see an orc warrior and an adder.

Vanquished Creatures
  A yak (D:4)
  Eustachio (D:4)
  A black bear (D:4)
  An ogre (D:4)
  A jelly (D:2)
  A hound (D:4)
  Natasha (thrice) (D:4)
  4 adders
  3 dart slugs
  5 orcs (D:3)
  2 ball pythons
  4 endoplasms
  3 giant cockroaches
  6 goblins
  5 hobgoblins
  4 jackals (D:4)
  7 quokkas
  3 bats
  10 frilled lizards
  7 kobolds
  7 rats
79 creatures vanquished.

Notes
Turn   | Place    | Note
-------+----------+-------------------------------------------
     0 | D:1      | qw the Gargoyle Fighter began the quest for the Orb.
     0 | D:1      | Reached XP level 1. HP: 14/14 MP: 1/1
     0 | D:1      | 0 ||| qw: Version: 0.2-a-98-g5d7165a
     0 | D:1      | 0 ||| qw: Game counter: 37
     0 | D:1      | 0 ||| qw: Always use a shield: true
     0 | D:1      | 0 ||| qw: God list: Okawaru
     0 | D:1      | 0 ||| qw: Allow faded altars: false
     0 | D:1      | 0 ||| qw: Do Orc after D:15 true
     0 | D:1      | 0 ||| qw: Do second Lair branch before Depths: true
     0 | D:1      | 0 ||| qw: Lair rune preference: random
     0 | D:1      | 0 ||| qw: Plans: Normal, Zot:1-4, God:TSO, Crypt, Tomb,
                  | Pan, Slime:5, Hells, Abyss, Win
     0 | D:1      | 0 ||| PLANNING D:1-11
    19 | D:1      | 19 ||| Stepping ~*~*~tactically~*~*~ (hiding).
    21 | D:1      | 21 ||| Stepping ~*~*~tactically~*~*~ (hiding).
    23 | D:1      | 23 ||| Stepping ~*~*~tactically~*~*~ (hiding).
    24 | D:1      | 24 ||| Stepping ~*~*~tactically~*~*~ (hiding).
    25 | D:1      | 25 ||| Stepping ~*~*~tactically~*~*~ (hiding).
    27 | D:1      | 27 ||| Stepping ~*~*~tactically~*~*~ (hiding).
   148 | D:1      | Reached skill level 2 in Axes
   153 | D:1      | 153 ||| Stepping ~*~*~tactically~*~*~ (hiding).
   157 | D:1      | 157 ||| Stepping ~*~*~tactically~*~*~ (hiding).
   158 | D:1      | 158 ||| Stepping ~*~*~tactically~*~*~ (hiding).
   159 | D:1      | 159 ||| Stepping ~*~*~tactically~*~*~ (hiding).
   160 | D:1      | 160 ||| Stepping ~*~*~tactically~*~*~ (hiding).
   174 | D:1      | 174 ||| Stepping ~*~*~tactically~*~*~ (stealth).
   251 | D:1      | Reached XP level 2. HP: 19/19 MP: 2/2
   299 | D:1      | Found Luelor's Jewellery Emporium.
   317 | D:1      | 317 ||| SHOPLISTING amulet of Xiph {Acrobat Harm *Corrode
                  | Str+3 Dex+4} (461 gold, have 79).
   317 | D:1      | 317 ||| SHOPLISTING amulet of reflection (300 gold, have
                  | 79).
   317 | D:1      | 317 ||| SHOPLISTING amulet of the acrobat (300 gold, have
                  | 79).
   317 | D:1      | 317 ||| SHOPLISTING ring of fire (250 gold, have 79).
   317 | D:1      | 317 ||| SHOPLISTING ring of ice (250 gold, have 79).
   317 | D:1      | 317 ||| SHOPLISTING ring of positive energy (200 gold, have
                  | 79).
   317 | D:1      | 317 ||| SHOPLISTING ring of protection from fire (250 gold,
                  | have 79).
   407 | D:1      | 407 ||| Stepping ~*~*~tactically~*~*~ (stealth).
   408 | D:1      | 408 ||| Stepping ~*~*~tactically~*~*~ (stealth).
   501 | D:1      | 501 ||| Stepping ~*~*~tactically~*~*~ (hiding).
   836 | D:1      | 836 ||| READING scroll labelled OCYECU VETAADA.
   919 | D:2      | Reached skill level 3 in Axes
   936 | D:2      | Reached XP level 3. HP: 21/23 MP: 3/3
  1053 | D:2      | 1053 ||| Stepping ~*~*~tactically~*~*~ (stealth).
  1067 | D:2      | 1067 ||| Stepping ~*~*~tactically~*~*~ (stealth).
  1102 | D:2      | Identified the +8 halberd "Huoracuj" {drain, rPois rN+
                  | Int+5}
  1164 | D:2      | 1164 ||| Stepping ~*~*~tactically~*~*~ (stealth).
  1165 | D:2      | 1165 ||| Stepping ~*~*~tactically~*~*~ (stealth).
  1203 | D:2      | Reached skill level 4 in Axes
  1203 | D:2      | Reached XP level 4. HP: 28/28 MP: 4/4
  1380 | D:2      | 1380 ||| UPGRADING to +2 ring mail of cold resistance.
  1390 | D:2      | 1390 ||| DROPPING +0 scale mail.
  1391 | D:2      | 1391 ||| UPGRADING to +0 chain mail.
  1401 | D:2      | 1401 ||| DROPPING amulet of magic regeneration.
  1402 | D:2      | 1402 ||| READING scroll labelled ZACVUTH MEHIUP.
  1734 | D:3      | 1734 ||| DROPPING +0 whip.
  1753 | D:3      | Found a faded altar of an unknown god.
  2155 | D:3      | 2155 ||| UPGRADING to +0 helmet.
  2160 | D:3      | 2160 ||| READING 3 scrolls labelled NIMOOCO DOIP.
  2161 | D:3      | 2161 ||| DRINKING 3 murky puce potions.
  2162 | D:3      | 2162 ||| DRINKING 2 emerald potions.
  2162 | D:3      | Gained mutation: You are strong-willed. (Will+) [potion of
                  | mutation]
  2162 | D:3      | Gained mutation: You are partially covered in iridescent
                  | scales. (AC +2) [potion of mutation]
  2162 | D:3      | Gained mutation: You are weak. (Str -2) [potion of
                  | mutation]
  2163 | D:3      | 2163 ||| READING 2 scrolls of identify.
  2163 | D:3      | 2163 ||| IDENTIFYING clear potion
  2164 | D:3      | 2164 ||| DROPPING potion of invisibility.
  2243 | D:4      | 2243 ||| Stepping ~*~*~tactically~*~*~ (stealth).
  2257 | D:4      | 2257 ||| Stepping ~*~*~tactically~*~*~ (stealth).
  2260 | D:4      | Reached XP level 5. HP: 32/32 MP: 5/5
  2309 | D:4      | Reached skill level 5 in Axes
  2389 | D:4      | Found a stormy altar of Qazlal.
  2394 | D:4      | Noticed Natasha
  2395 | D:4      | 2395 ||| Stepping ~*~*~tactically~*~*~ (hiding).
  2397 | D:4      | Noticed Eustachio
  2405 | D:4      | Killed Natasha
  2423 | D:4      | Killed Eustachio
  2424 | D:4      | Reached XP level 6. HP: 38/40 MP: 6/6
  2485 | D:4      | Noticed Natasha
  2500 | D:4      | Killed Natasha
  2553 | D:4      | 2553 ||| Stepping ~*~*~tactically~*~*~ (stealth).
  2554 | D:4      | 2554 ||| Stepping ~*~*~tactically~*~*~ (stealth).
  2555 | D:4      | 2555 ||| Stepping ~*~*~tactically~*~*~ (stealth).
  2571 | D:4      | Noticed Natasha
  2572 | D:4      | 2572 ||| Stepping ~*~*~tactically~*~*~ (stealth).
  2573 | D:4      | 2573 ||| Stepping ~*~*~tactically~*~*~ (stealth).
  2574 | D:4      | 2574 ||| Stepping ~*~*~tactically~*~*~ (stealth).
  2577 | D:4      | 2577 ||| Stepping ~*~*~tactically~*~*~ (hiding).
  2582 | D:4      | Killed Natasha
  2596 | D:4      | Noticed a black bear
  2605 | D:4      | Killed a black bear
  2606 | D:4      | Reached XP level 7. HP: 38/44 MP: 7/7
  2645 | D:4      | 2645 ||| Stepping ~*~*~tactically~*~*~ (hiding).
  2650 | D:4      | 2650 ||| Stepping ~*~*~tactically~*~*~ (stealth).
  2659 | D:4      | HP: 10/44 [ogre/+0 giant spiked club (18)]
  2660 | D:4      | Noticed a yak
  2661 | D:4      | Reached skill level 6 in Axes
  2671 | D:4      | Killed a yak
  2672 | D:4      | HP: 5/44 [orc warrior/+0 scimitar (9)]
  2676 | D:4      | Slain by an orc warrior

Levels and vault maps discovered:
D:1:      amcnicky_arrival_abandoned_market, layout_rooms, serial_shops,
          shop_fountains, kennysheep_nondescript, minivault_5, st_stairs_8,
          supply_closet_lemuel, ebering_dispersal_statue_hall,
          minmay_misc_feat_tiny, nrook_campfire
D:2:      layout_rooms, st_stairs_6
D:3:      layout_rooms, hellmonk_ecumenical_altar_defaced_shrine,
          nicolae_hexahallways
D:4:      cheibrodos_quashed, layout_rooms, nicolae_qazlal_scattered_showers,
          minmay_manual_mess, uniq_eustachio, uniq_natasha

Skill      XL: |  1  2  3  4  5  6  7 |
---------------+----------------------+-----
Axes           | 2 3 4 5 6 |  6.2
Fighting       | 5 |  5.2
Dodging        | 2 |  2.1
Armour         | |  3.2
Shields        | |  3.2

Action                     |  1- 3 |  4- 6 |  7- 9 || total
---------------------------+-------+-------+-------++-------
  Melee: War axe           |   100 |   123 |    24 ||   247
  Throw: Boomerang         |    31 |    29 |     2 ||    62
    Use: Scroll            |     1 |     3 |       ||     4
         Potion            |       |     2 |       ||     2
 Armour: Scale mail        |    50 |     2 |       ||    52
         Chain mail        |       |   101 |     9 ||   110
  Dodge: Dodged            |    34 |    62 |     7 ||   103
  Block: Buckler           |    23 |    31 |     6 ||    60

Table legend:
 A = Non-vault XP
 B = Vault XP
 C = Vault XP percentage of total XP
 D = Non-vault monster count
 E = Vault monster count
 F = Vault count percentage of total count
                 A         B        C        D         E       F
            +---------+---------+-------+---------+---------+-------
      Total |     424 |     562 |  57.0 |      65 |      14 |  17.7
            +---------+---------+-------+---------+---------+-------
        D:1 |      23 |       4 |  14.8 |      16 |       2 |  11.1
        D:2 |      90 |       2 |   2.2 |      23 |       2 |   8.0
        D:3 |      28 |      15 |  34.9 |       9 |       5 |  35.7
        D:4 |     283 |     541 |  65.7 |      17 |       5 |  22.7
            +---------+---------+-------+---------+---------+-------
